 Dungeon Crawl Stone Soup version 0.30-a0-738-g116ff8c4af (webtiles) character file.

Game seed: 4951333636590915259

42 drewk1942 the Trooper (level 3, 0/41 HPs)
             Began as an Ogre Berserker on Feb 3, 2023.
             Was a Believer of Trog.
             Slain by an adder (2 damage)
             ... on level 3 of the Dungeon.
             The game lasted 00:01:08 (1019 turns).

drewk1942 the Trooper (Ogre Berserker)              Turns: 1019, Time: 00:01:09

Health: 0/41       AC:  3    Str: 23    XL:     3   Next: 54%
Magic:  3/3        EV: 10    Int:  8    God:    Trog [**....]
Gold:   0          SH:  0    Dex:  8    Spells: 2/2 levels left

rFire   . . .      SeeInvis .    a - +0 hand axe
rCold   . . .      Faith    .    (no shield)
rNeg    . . .      Spirit   .    b - +0 animal skin
rPois   .          Reflect  .    (helmet restricted)
rElec   .          Harm     .    (no cloak)
rCorr   .          Rampage  .    (gloves unavailable)
Will    .....                    (boots unavailable)
Stlth   +                        (no amulet)
HPRegen 0.26/turn                (no ring)
MPRegen 0.08/turn                (no ring)

@: on berserk cooldown, slowed, very slow
A: large, unfitting armour, tough skin 1
a: Renounce Religion, Berserk, Trog's Hand


You were on level 3 of the Dungeon.
You worshipped Trog.
Trog was pleased with you.
You visited 1 branch of the dungeon, and saw 3 of its levels.

Inventory:

Hand Weapons
 a - a +0 hand axe (weapon)
Armour
 b - a +0 animal skin (worn)
Scrolls
 c - a scroll of blinking {unknown}
 d - a scroll of vulnerability {unknown}
 e - 2 scrolls of noise {unknown}
 f - a scroll of identify {unknown}
Potions
 g - a potion of haste {unknown}


   Skills:
 * Level 4.9 Fighting
 * Level 3.6 Axes
 + Level 3.0 Dodging


You had 2 spell levels left.
You didn't know any spells.
Your spell library was empty.

Dungeon Overview and Level Annotations

Branches:
Dungeon (2/15)

Altars:


Innate Abilities, Weirdness & Mutations

You are too large for most types of armour.
You have tough skin. (AC +1)


Message History

Trog accepts your kill.
You feel sick.
Your Dodging skill increases to level 3!
You feel sick.
You see here a hobgoblin corpse.
You feel a strong urge to attack something.
The adder hisses angrily.
The rat barely misses you.
Things that are here:
a +0 dagger; a goblin corpse You hit the rat but do no damage.
You feel sick.
You slash the rat!
You kill the rat!
Trog accepts your kill.
You feel sick.
You see here an adder corpse.
You closely miss the adder.
You feel sick.
You are no longer poisoned.
The adder bites you.
* * * LOW HITPOINT WARNING * * *
You barely miss the adder. The adder barely misses you.
You barely miss the adder. The adder barely misses you.
You miss the adder.
You are no longer berserk.
You are exhausted.
You feel yourself slow down. The adder bites you.
* * * LOW HITPOINT WARNING * * *
You barely miss the adder. The adder barely misses you. The adder bites you.
* * * LOW HITPOINT WARNING * * *
You completely miss the adder. The adder bites you.
* * * LOW HITPOINT WARNING * * *
The adder bites you.
* * * LOW HITPOINT WARNING * * *
You completely miss the adder. The adder bites you.
* * * LOW HITPOINT WARNING * * *
The adder barely misses you.
You barely miss the adder. The adder bites you.
* * * LOW HITPOINT WARNING * * *
The adder bites you.
You die...

###....... ..##
#......... . ...#
#......... .#~
#≈~###......###
#~~#######......#
.~~..##.......#
.#.#.~..#.......#
...~.⌠~.#.......#
#S@#......#..
#~.≈~~#†)......#...
..~..~.[#......# ..
.#~⌠.⌠.~#.$....#
##~..##.#......#
~.~~~ #.########
~^.. ~## .). ~. ..~
##


You could see an adder.

Vanquished Creatures
  An adder (D:3)
  A dart slug (D:1)
  An endoplasm (D:1)
  2 giant cockroaches (D:1)
  6 goblins
  2 hobgoblins
  3 kobolds (D:1)
  3 ball pythons
  4 bats
  3 frilled lizards (D:1)
  4 rats
30 creatures vanquished.

Notes
Turn   | Place    | Note
-------+----------+-------------------------------------------
     0 | D:1      | drewk1942 the Ogre Berserker began the quest for the Orb.
     0 | D:1      | Reached XP level 1. HP: 24/24 MP: 1/1
    48 | D:1      | Reached XP level 2. HP: 32/32 MP: 2/2
   557 | D:1      | Found a faded altar of an unknown god.
   568 | D:1      | Reached XP level 3. HP: 40/40 MP: 3/3
   983 | D:2      | You fall into a shaft and drop 1 floor!
  1003 | D:3      | Reached ** piety under Trog
  1019 | D:3      | HP: 2/41 [adder (1)]
  1019 | D:3      | Slain by an adder

Illustrated notes

Levels and vault maps discovered:
D:1:      minmay_arrival_up_and_down, layout_basic,
          ebering_ecumenical_altar_mist, st_stairs_2
D:2:      layout_rooms, serial_shops, nicolae_shop_bloodbath_and_beyond,
          minmay_misc_feat_more_columns
D:3:      layout_basic, lemuel_doored_altar,
          nicolae_wu_jian_immortal_techniques, tgw_xom, uniq_jessica

Skill      XL: |  1  2  3 |
---------------+----------+-----
Dodging        | 3 |  3.0
Fighting       | |  4.9
Axes           | |  3.6

Action                     || total
---------------------------++-------
  Melee: Hand axe          ||    99
 Invoke: Berserk           ||     2
 Armour: Animal skin       ||    38
  Dodge: Dodged            ||    64

Table legend: (Time is in decaauts)
 A = Elapsed time spent in this place.
 B = Non-inter-level travel time spent in this place.
 C = Inter-level travel time spent in this place.
 D = Time resting spent in this place.
 E = Time spent auto-exploring this place.
 F = Levels seen in this place.
 G = Mean time per level.
                   A        B        C        D        E       F      G
               +--------+--------+--------+--------+--------+-----+--------+
         Total |   1032 |    999 |     33 |     25 |    784 |   3 |  344.0 |
       Dungeon |   1032 |    999 |     33 |     25 |    784 |   3 |  344.0 |
               +--------+--------+--------+--------+--------+-----+--------+

Top non-repeatable levels by time:
     D:1: 941 daAuts
     D:2: 55 daAuts
     D:3: 35 daAuts
